 Dungeon Crawl Stone Soup version 0.26.0-16-gc1dbca0489 (webtiles) character file.

Game seed: 2992553845379243455

13462 runemasterragnar the Fighter (level 12, -7/136 HPs)
             Began as an Ogre Monk on Jan 20, 2021.
             Was a High Priest of Okawaru.
             Killed from afar by a frost giant (54 damage)
             ... with a bolt of cold
             ... on level 10 of the Dungeon.
             The game lasted 00:26:23 (18319 turns).

runemasterragnar the Fighter (Ogre Monk)           Turns: 18319, Time: 00:26:24

Health: -7/136     AC:  4    Str: 24    XL:     12   Next: 6%
Magic:  16/16      EV: 32    Int: 11    God:    Okawaru [*****.]
Gold:   810        SH:  0    Dex: 23    Spells: 11/11 levels left

rFire    . . .     SeeInvis .   e - +2 trident (freeze)
rCold    . . .     Faith    .   (no shield)
rNeg     . . .     Spirit   .   b - +0 robe
rPois    .         Reflect  .   (helmet restricted)
rElec    +         Harm     .   l - +0 cloak
rCorr    .         Rampage  .   (gloves unavailable)
Will     ++...                  (boots unavailable)
Stlth    ++........             u - amulet of the acrobat
HPRegen  0.32/turn              m - +6 ring of dexterity
MPRegen  0.15/turn              s - ring of the Republic {+Inv rElec Dex+6}

@: about to teleport, acrobat
A: large, unfitting armour, strong-willed 1, strong 1, tough skin 1, subdued
magic 1
a: Renounce Religion, Evoke Invisibility, Heroism, Finesse


You were on level 10 of the Dungeon.
You worshipped Okawaru.
Okawaru was extremely pleased with you.
You visited 2 branches of the dungeon, and saw 12 of its levels.
You also visited: Ossuary.

You collected 810 gold pieces.

Inventory:

Hand Weapons
 a - a +0 hand axe
 e - a +2 trident of freezing (weapon)
 p - a +0 morningstar
 x - a +1 vorpal hunting sling
 L - the +5 mace "Ujamampa" {protect, rPois rC+ MP+9 Int+3}
   (You found it on level 4 of the Dungeon)

   It grants its wielder temporary protection when it strikes (+7 to AC).
   It affects your intelligence (+3).
   It protects you from cold.
   It protects you from poison.
   It affects your magic capacity (+9).
Missiles
 c - 2 javelins
 h - 12 boomerangs
 i - 32 sling bullets
 k - 63 poisoned darts
 U - 8 large rocks (quivered)
Armour
 b - a +0 robe (worn)
 l - a +0 cloak (worn)
Jewellery
 m - a +6 ring of dexterity (left hand)
 s - the ring of the Republic (right hand) {+Inv rElec Dex+6}
   (You found it on level 5 of the Dungeon)

   [ring of dexterity]

   It affects your dexterity (+6).
   It insulates you from electricity.
   It lets you turn invisible.
 u - an amulet of the acrobat (around neck)
 T - a +6 ring of dexterity
Wands
 A - a wand of paralysis (9)
 G - a wand of polymorph (4)
 I - a wand of disintegration (5)
Scrolls
 f - a scroll of holy word
 g - 2 scrolls of enchant weapon
 n - 4 scrolls of amnesia
 o - 4 scrolls of teleportation
 v - a scroll of random uselessness
 w - 2 scrolls of fog
 y - a scroll of vulnerability {unknown}
 D - 4 scrolls of fear {unknown}
 E - 7 scrolls of remove curse {unknown}
 K - 6 scrolls of identify
 N - a scroll of silence {unknown}
 R - a scroll of brand weapon {unknown}
 S - a scroll of acquirement {unknown}
Potions
 d - 5 potions of curing
 j - 2 potions of cancellation
 q - 2 potions of magic
 r - 3 potions of degeneration
 t - 2 potions of flight
 z - a potion of might
 B - 5 potions of attraction
 C - a potion of invisibility
 F - 3 potions of brilliance
 H - a potion of berserk rage
 J - a potion of ambrosia
 O - 3 potions of haste
 P - 2 potions of mutation
Miscellaneous
 Q - a box of beasts


   Skills:
 + Level 13.0 Fighting
 - Level 7.8(9.0) Axes
 - Level 2.8(5.3) Maces & Flails
 + Level 5.9(7.8) Polearms
 + Level 8.4 Throwing
 + Level 8.4 Dodging
 - Level 1.4 Stealth
 + Level 5.3 Invocations


You had 11 spell levels left.
You didn't know any spells.
Your spell library was empty.

Dungeon Overview and Level Annotations

Branches:
Dungeon (11/15)            Temple (1/1) D:6            Lair (0/6) D:11
Ossuary (visited)
    Orc: D:9-12

Altars:
Ashenzari
Cheibriados
Dithmenos
Elyvilon
Fedhas
Gozag
Hepliaklqana
Kikubaaqudgha
Makhleb
Nemelex Xobeh
Okawaru
Qazlal
Ru
Sif Muna
Trog
Uskayaw
Vehumet
Wu Jian
Xom
Yredelemnul
Zin
The Shining One

Shops:
D:5 (}*   D:6 :   D:7 *:?   D:9 !

Portals:
Trove: D:11 (give 5 scrolls of blinking)

Annotations:
D:11 4 runed translucent doors


Innate Abilities, Weirdness & Mutations

You are too large for most types of armour.
You have tough skin. (AC +1)
You are strong-willed. (Will+)
Your muscles are strong. (Str +2)
Your spells are a little easier to cast, but a little less powerful.


Message History

The frost giant hits you with a +0 battleaxe of freezing!!
The frost giant freezes you!
You hit the frost giant but do no damage.
The frost giant is moderately wounded.
The frost giant hits you with a +0 battleaxe of freezing.
The frost giant freezes you.
A frost giant is nearby!
Okay, then.
Okay, then.
Okay, then.
As you read the scroll of teleportation, it crumbles to dust.
You feel strangely unstable.
The frost giant points at you and mumbles some strange words.
The bolt of cold hits you!
Unknown command.
The frost giant casts a spell at you. The bolt of cold misses you.
The frost giant points at you and mumbles some strange words.
The bolt of cold hits you!!!
You die...

.................
.................
........#########
........'..>.....
........#........
........#........
#####...#........
##..C##..#####....
###@###.#......###'#
#.'.# .#..........)
#.#.# .#...........
#.##.. ##....######.
#..#####.....#....#.
##...#######.+....#.
##..+.....#.#....#.
#..#.....#.#....#.
##.#.....#.#....#.


You could see a frost giant.

Vanquished Creatures
  Josephine (D:11)
  2 two-headed ogres (D:11)
  A manticore (D:11)
  A cyclops (D:11)
  An elephant (D:11)
  A gargoyle (D:11)
  A troll (D:11)
  3 hornets
  A wyvern (D:11)
  10 yaks
  3 wraiths (D:11)
  2 basilisks (D:11)
  Menkaure (D:6)
  Duvessa (D:4)
  A water moccasin (D:10)
  A sky beast (D:11)
  An orc warrior (D:8)
  5 ice beasts
  3 black bears
  An eye of draining (D:10)
  A necrophage (D:10)
  3 phantoms
  A hornet zombie (D:9)
  6 ogres
  9 centaurs
  2 big kobolds
  7 bullfrogs
  2 gnoll sergeants
  Dowan (D:4)
  3 scorpions
  A water moccasin skeleton (D:5)
  A troll zombie (Ossuary)
  6 killer bees (D:8)
  4 howler monkeys
  12 wights
  A bullfrog zombie (D:6)
  3 jellies
  3 centaur zombies
  4 hounds
  3 orc priests
  A centaur skeleton (D:10)
  11 orc wizards
  Jessica (D:3)
  An iguana (D:6)
  Natasha (thrice) (D:2)
  11 worker ants
  A killer bee zombie (D:9)
  2 ogre zombies (Ossuary)
  A hound zombie (D:7)
  7 mummies (Ossuary)
  A worker ant zombie (D:5)
  20 gnolls
  2 howler monkey skeletons
  16 adders
  5 shadow imps
  5 white imps
  3 ufetubi
  3 oozes
  2 adder zombies
  An adder skeleton (D:4)
  A worm (D:4)
  4 dart slugs
  4 leopard geckos
  40 orcs
  4 ball pythons
  10 bats
  A bat zombie (D:4)
  4 giant cockroaches
  3 goblins
  9 hobgoblins
  32 jackals
  4 quokkas
  7 frilled lizards
  A gnoll zombie (Ossuary)
  6 goblin zombies (Ossuary)
  4 hobgoblin zombies (Ossuary)
  21 kobolds
  4 kobold zombies (Ossuary)
  A leopard gecko skeleton (D:5)
  An orc zombie (Ossuary)
  A quokka skeleton (D:6)
  2 quokka zombies (Ossuary)
  12 rats
  9 rat zombies
396 creatures vanquished.

Vanquished Creatures (others)
  5 plants (D:7)
5 creatures vanquished.

Grand Total: 401 creatures vanquished

Notes
Turn   | Place    | Note
-------+----------+-------------------------------------------
     0 | D:1      | runemasterragnar the Ogre Monk began the quest for the Orb.
     0 | D:1      | Reached XP level 1. HP: 24/24 MP: 1/1
   156 | D:1      | Reached XP level 2. HP: 6/32 MP: 2/2
   992 | D:1      | Reached XP level 3. HP: 35/40 MP: 3/3
  2016 | D:2      | Reached skill level 5 in Fighting
  2016 | D:2      | Reached XP level 4. HP: 24/50 MP: 4/4
  2316 | D:2      | Noticed Natasha
  2330 | D:2      | Killed Natasha
  2643 | D:2      | Reached XP level 5. HP: 51/57 MP: 5/5
  2933 | D:2      | Noticed Natasha
  2944 | D:2      | Killed Natasha
  2945 | D:2      | Reached skill level 1 in Throwing
  3022 | D:2      | Noticed Natasha
  3038 | D:2      | Killed Natasha
  3589 | D:3      | Noticed Jessica
  3600 | D:3      | Killed Jessica
  3601 | D:3      | Reached skill level 6 in Fighting
  3601 | D:3      | Reached XP level 6. HP: 67/67 MP: 6/6
  3692 | D:3      | You fall into a shaft and drop 2 floors!
  3692 | D:5      | Entered Level 5 of the Dungeon
  3912 | D:5      | Got a scintillating tin ring
  3913 | D:5      | Identified the ring of the Republic {+Inv rElec Dex+6} (You
                  | found it on level 5 of the Dungeon)
  4195 | D:5      | Found a shimmering blue altar of Sif Muna.
  4218 | D:5      | Reached skill level 5 in Axes
  4444 | D:5      | Found a hazy altar of Hepliaklqana.
  4460 | D:5      | Reached XP level 7. HP: 44/76 MP: 7/7
  4639 | D:5      | Reached skill level 7 in Fighting
  4904 | D:5      | Found Genofos's Gadget Shop.
  4940 | D:5      | Found Awnyitid's Weapon Emporium.
  5141 | D:5      | Found Wouk's Assorted Antiques.
  5198 | D:5      | Reached XP level 8. HP: 81/88 MP: 8/8
  5581 | D:6      | Found Vaczaap's Book Shop.
  5591 | D:6      | Reached skill level 8 in Fighting
  6004 | D:6      | Noticed Menkaure
  6010 | D:6      | Found a staircase to the Ecumenical Temple.
  6014 | D:6      | Killed Menkaure
  6045 | Temple   | Entered the Ecumenical Temple
  6057 | Temple   | Reached skill level 9 in Fighting
  6742 | D:6      | Reached XP level 9. HP: 100/100 MP: 9/9
  6787 | D:6      | Found an opulent altar of Gozag.
  7055 | D:6      | Reached skill level 5 in Dodging
  7176 | D:7      | Found a broken altar of Ashenzari.
  7227 | D:7      | Found a sand-covered staircase.
  7231 | Ossuary  | Entered an ossuary
  7863 | Ossuary  | HP: 5/151 [troll zombie (6)]
  7863 | Ossuary  | HP: 2/151 [troll zombie (3)]
  8540 | D:7      | Reached skill level 10 in Fighting
  8914 | D:8      | Reached skill level 1 in Polearms
  8954 | D:8      | Reached skill level 5 in Throwing
  9365 | D:8      | Gained mutation: Your muscles are strong. (Str +2) [potion
                  | of mutation]
  9365 | D:8      | Gained mutation: Your spells are a little easier to cast,
                  | but a little less powerful. [potion of mutation]
  9365 | D:8      | Gained mutation: You are strong-willed. (Will+) [potion of
                  | mutation]
  9961 | D:8      | Reached XP level 10. HP: 95/111 MP: 10/10
 10723 | D:4      | Found an ancient bone altar of Kikubaaqudgha.
 10915 | D:4      | Found a white marble altar of Elyvilon.
 11165 | D:4      | Noticed Duvessa
 11165 | D:4      | Noticed Dowan
 11185 | D:4      | Killed Duvessa
 11186 | D:4      | Reached skill level 11 in Fighting
 11194 | D:4      | Killed Dowan
 11693 | D:4      | Got a warped mace
 11694 | D:4      | Identified the +5 mace "Ujamampa" {protect, rPois rC+ MP+9
                  | Int+3} (You found it on level 4 of the Dungeon)
 12562 | D:7      | Found Uhoobibo's Book Boutique.
 12799 | D:7      | Found Oklaotwe's Assorted Antiques.
 12869 | D:7      | Found Econt's Magic Scroll Boutique.
 13086 | D:9      | Reached skill level 1 in Maces & Flails
 13840 | D:9      | Found Oluipnon's Distillery.
 13935 | D:9      | Found an iron altar of Okawaru.
 13943 | D:9      | Became a worshipper of Warmaster Okawaru
 13943 | D:9      | Reached * piety under Okawaru
 13943 | D:9      | Reached ** piety under Okawaru
 14141 | D:9      | Reached skill level 1 in Invocations
 14979 | D:10     | Entered Level 10 of the Dungeon
 15259 | D:11     | Noticed a two-headed ogre
 15272 | D:11     | Killed a two-headed ogre
 15272 | D:11     | Reached *** piety under Okawaru
 15273 | D:11     | Reached skill level 12 in Fighting
 15273 | D:11     | Reached XP level 11. HP: 123/123 MP: 11/13
 15316 | D:11     | Noticed a manticore
 15335 | D:11     | Killed a manticore
 15662 | D:11     | Found a large runed translucent door.
 15662 | D:11     | Found a large runed translucent door.
 15667 | D:11     | Noticed a manticore
 15752 | D:11     | Reached **** piety under Okawaru
 15920 | D:11     | Noticed a two-headed ogre
 15928 | D:11     | Killed a two-headed ogre
 15928 | D:11     | Received a gift from Okawaru
 15965 | D:11     | Found a staircase to the Lair.
 16007 | D:11     | Reached skill level 5 in Polearms
 16536 | D:11     | Found a portal to a secret trove of treasure.
 16886 | D:11     | Noticed Josephine
 16903 | D:11     | Killed Josephine
 16911 | D:11     | Reached ***** piety under Okawaru
 16918 | D:11     | Received a gift from Okawaru
 16926 | D:11     | Reached skill level 5 in Invocations
 17408 | D:11     | Found a large runed translucent door.
 17523 | D:11     | Found a large runed translucent door.
 17562 | D:11     | Noticed a cyclops
 17573 | D:11     | Reached XP level 12. HP: 100/133 MP: 15/15
 17580 | D:11     | Reached skill level 13 in Fighting
 18310 | D:10     | Noticed a frost giant
 18319 | D:10     | Killed from afar by a frost giant

Illustrated notes

Levels and vault maps discovered:
D:1:      matt_arrival_spirals, layout_loops_corners
D:2:      layout_rooms, uniq_natasha
D:3:      layout_basic, amethyst_killhole, uniq_jessica
D:4:      minmay_angry_zag, layout_basic, lemuel_zombie_altar_kikubaaqudgha,
          elyvilon_altar_1, mrwooster_statue_mirror, uniq_duvessa
D:5:      layout_loops_ring, grunt_temple_overflow_open, serial_shops,
          nicolae_shop_stone, shop, nicolae_shop_trees
D:6:      layout_loops_ring, temple_pool_b, serial_shops,
          nicolae_shop_behind_doors, basic_altar, minivault_27, uniq_menkaure
D:7:      layout_basic, nicolae_overflow_crystal_walls,
          lightli_ossuary_entry_decrepit_ruins, serial_shops, shop, shop,
          nicolae_shop_overgrown_old_shop, kennysheep_big_empty_room
D:8:      layout_loops_corners
D:9:      layout_loops_ring, kennysheep_okawaru_gauntlet, serial_shops,
          kennysheep_little_box, grunt_ministairs_13
D:10:     cheibrodos_histonic, layout_irregular_city, kennysheep_just_a_vault
D:11:     layout_stronghold, david_lair_generic, enter_trove_0,
          minmay_hollow_rounded_squares, uniq_josephine
Temple:   regret_index_temple_sphere_string

Skill      XL: |  1  2  3  4  5  6  7  8  9 10 11 12 |
---------------+-------------------------------------+-----
Dodging        | 3 4 6 7 8 |  8.4
Fighting       | 5 6 7 9 10 12 13 | 13.0
Axes           | 4 5 7 |  7.8
Throwing       | 1 2 3 5 7 8 |  8.4
Polearms       | 2 4 5 |  5.9
Maces & Flails | 2 |  2.8
Invocations    | 2 5 |  5.3
Stealth        | |  1.4

Action                   |  1- 3 |  4- 6 |  7- 9 | 10-12 || total
-------------------------+-------+-------+-------+-------++-------
Melee: Hand axe          |   114 |   184 |   259 |     4 ||   561
       Trident           |       |       |   111 |   357 ||   468
       Unarmed           |       |       |     4 |       ||     4
       Mace              |       |       |       |   277 ||   277
 Fire: Hunting sling     |       |       |   124 |     5 ||   129
Throw: Dart              |    11 |    76 |     8 |    43 ||   138
       Boomerang         |       |       |    46 |    38 ||    84
       Large rock        |       |       |       |     8 ||     8
       Javelin           |       |       |       |     4 ||     4
Invok: Heroism           |       |       |       |     1 ||     1
Evoke: Wand              |       |       |     2 |    17 ||    19
  Use: Potion            |       |     2 |     4 |     5 ||    11
       Scroll            |       |       |    16 |     5 ||    21
 Stab: Sleeping          |     2 |     4 |    12 |    17 ||    35
       Paralysed         |       |       |    10 |    27 ||    37
       Distracted        |       |       |       |     1 ||     1
Armor: Robe              |    41 |    65 |    63 |   105 ||   274
       Skin              |       |       |    40 |    16 ||    56
Dodge: Dodged            |    80 |   175 |   300 |   465 ||  1020
